 Dungeon Crawl Stone Soup version 0.29-a0-352-g0917bc69df (webtiles) character file.

Game seed: 4076954133947815082

22 YayAnonymity the Shield-Bearer (level 2, 0/29 HPs)
             Began as a Gnoll Fighter on Apr 24, 2022.
             Slain by a goblin
             ... wielding a +0 club
             ... led by Robin
              (2 damage)
             ... on level 1 of the Dungeon.
             The game lasted 00:01:55 (889 turns).

YayAnonymity the Shield-Bearer (Gnoll Fighter)       Turns: 889, Time: 00:01:56

Health: 0/29       AC: 10    Str: 15    XL:     2   Next: 91%
Magic:  2/2        EV:  6    Int:  7    God:
Gold:   55         SH:  5    Dex: 11    Spells: 2/2 levels left

rFire   . . .      SeeInvis .   a - +0 flail
rCold   . . .      Faith    .   c - +0 buckler
rNeg    . . .      Spirit   .   i - +0 chain mail
rPois   .          Reflect  .   (no helmet)
rElec   .          Harm     .   (no cloak)
rCorr   .          Rampage  .   (no gloves)
Will    .....                   (no boots)
Stlth   ..........              (no amulet)
HPRegen 0.09/turn               (no ring)
MPRegen 0.08/turn               (no ring)

@: mighty
A: fangs 1, strong nose, distributed training
a: no special abilities


You were on level 1 of the Dungeon.
You visited 1 branch of the dungeon, and saw 2 of its levels.

You collected 55 gold pieces.

Inventory:

Hand Weapons
 a - a +0 flail (weapon)
Missiles
 f - 6 poisoned darts (quivered)
Armour
 c - a +0 buckler (worn)
 i - a +0 chain mail (worn)
Scrolls
 b - a scroll of enchant armour {unknown}
 g - a scroll of identify {unknown}
Potions
 e - 2 potions of berserk rage {unknown}
 h - a potion of lignification {unknown}


   Skills:
 + Level 6.5 Fighting
 + Level 0.5 Short Blades
 + Level 0.5 Long Blades
 + Level 0.5 Axes
 + Level 4.5 Maces & Flails
 + Level 0.5 Polearms
 + Level 0.5 Staves
 + Level 0.5 Slings
 + Level 0.5 Bows
 + Level 0.5 Crossbows
 + Level 0.5 Throwing
 + Level 6.5 Armour
 + Level 0.5 Dodging
 + Level 0.5 Stealth
 + Level 6.5 Shields
 + Level 0.5 Unarmed Combat
 + Level 0.5 Spellcasting
 + Level 0.4 Conjurations
 + Level 0.4 Hexes
 + Level 0.4 Summonings
 + Level 0.4 Necromancy
 + Level 0.4 Translocations
 + Level 0.4 Transmutations
 + Level 0.4 Fire Magic
 + Level 0.4 Ice Magic
 + Level 0.4 Air Magic
 + Level 0.4 Earth Magic
 + Level 0.4 Poison Magic
 + Level 0.7 Invocations
 + Level 0.5 Evocations


You had 2 spell levels left.
You didn't know any spells.
Your spell library contained the following spells:

 Spells                   Type           Power      Damage    Failure   Level
 Freeze                   Ice            0%         1d3       100%        1
 Frozen Ramparts          Ice            0%         1d2       100%        3
 Hailstorm                Conj/Ice       0%         3d3       100%        4


Dungeon Overview and Level Annotations

Branches:
Dungeon (2/15)

Altars:

Annotations:
D:2 Robin


Innate Abilities, Weirdness & Mutations

You have very sharp teeth.
Your uncanny sense of smell can sniff out nearby items.
Your experience applies equally to all skills.


Message History

You feel sick. The goblin barely misses you.
The adder attacks as you move away! The adder bites you but does no damage.
The goblin attacks as you move away! The goblin hits you with a +0 club.
* * * LOW HITPOINT WARNING * * *
You feel sick. The adder closely misses you.
The adder attacks as you move away! The adder bites you but does no damage.
You feel sick. You block the goblin's attack.
You feel sick.
You are no longer poisoned.
The goblin attacks as you move away! The goblin hits you but does no damage.
The adder attacks as you move away!
The adder bites you but does no damage. x2
You feel very mighty all of a sudden. The adder bites you but does no damage.
You barely miss the adder. The adder bites you but does no damage.
You block the adder's attack.
You barely miss the adder. Your bite misses the adder.
The goblin closely misses you. The adder bites you but does no damage.
You hit the adder. Your bite misses the adder.
The adder is heavily wounded.
The adder barely misses you. The goblin hits you but does no damage.
The adder bites you but does no damage. The goblin hits you but does no damage.
You miss the adder.
The adder is moderately wounded.
You block the adder's attack. The goblin hits you with a +0 club.
* * * LOW HITPOINT WARNING * * *
You closely miss the adder.
The adder is moderately wounded.
The adder bites you but does no damage. The goblin hits you but does no damage.
The adder barely misses you.
You barely miss the adder.
The adder is moderately wounded.
The adder closely misses you. The goblin barely misses you.
You miss the adder. Your bite misses the adder.
The adder is moderately wounded.
The adder barely misses you. The goblin hits you but does no damage.
The adder barely misses you.
You barely miss the adder. Your bite misses the adder.
The adder is moderately wounded.
The goblin hits you with a +0 club.
You die...

##......#####.........#
#####.###.###.)...........#
.##...##..####...........##
##.......##....##.........#
#<.##...##......#.........#
#########.......#.........#
# #...........#.........#
## ##.#.........gSg...>...#
.###....#######.@#.......##
......####....#.###.....##
..............#.# #######
..########....#.##
.........###.....#
.........###.....#
..)..............#
.........###.....#
########## #.....#


You could see an adder and 2 goblins.

Vanquished Creatures
  An endoplasm (D:1)
  3 giant cockroaches (D:1)
  3 goblins (D:1)
  3 hobgoblins (D:1)
  A kobold (D:1)
  2 ball pythons (D:1)
  3 bats
  A frilled lizard (D:1)
  2 rats (D:1)
19 creatures vanquished.

Notes
Turn   | Place    | Note
-------+----------+-------------------------------------------
     0 | D:1      | YayAnonymity the Gnoll Fighter began the quest for the Orb.
     0 | D:1      | Reached XP level 1. HP: 23/23 MP: 1/1
   228 | D:1      | Reached XP level 2. HP: 19/29 MP: 2/2
   776 | D:1      | Found a faded altar of an unknown god.
   854 | D:2      | Noticed Robin
   889 | D:1      | Slain by a goblin

Illustrated notes

Levels and vault maps discovered:
D:1:      lemuel_arrival_tunnels, layout_rooms, chequers_ecumenical_altar_grove,
          amethyst_killhole
D:2:      layout_basic, minmay_circled_x, uniq_robin

Action                   || total
-------------------------++-------
Melee: Flail             ||    72
       Bite              ||     1
  Use: Potion            ||     1
Armor: Scale mail        ||    58
       Chain mail        ||    31
Dodge: Dodged            ||    63
Block: Buckler           ||    43

Table legend: (Time is in decaauts)
 A = Elapsed time spent in this place.
 B = Non-inter-level travel time spent in this place.
 C = Inter-level travel time spent in this place.
 D = Time resting spent in this place.
 E = Time spent auto-exploring this place.
 F = Levels seen in this place.
 G = Mean time per level.
                   A        B        C        D        E       F      G
               +--------+--------+--------+--------+--------+-----+--------+
         Total |    904 |    862 |     42 |      0 |    663 |   2 |  452.0 |
       Dungeon |    904 |    862 |     42 |      0 |    663 |   2 |  452.0 |
               +--------+--------+--------+--------+--------+-----+--------+

Top non-repeatable levels by time:
     D:1: 856 daAuts
     D:2: 47 daAuts
